Map: Ley Lines

Players

wootwoot - Winner!

  • Race: Terran Terran
  • League: Silver
  • Spawn Location: 1:00

HORFEY

  • Race: Zerg Zerg
  • League: Master
  • Spawn Location: 7:00

VOD

Have the link to the VOD?

Description

Time

  • Played on: April 21, 2025, 9:58 a.m.
  • Length: 2:42
Show
View Real Time Build Order
Export as new Build Order

wootwoot Terran - Winner!

Build Orders:  

Get SALT Encoding   

  12  0:00  SCV  
  13  0:12  SCV  
  14  0:17  Supply Depot  
  14  0:24  SCV  
  15  0:39  SCV  
  15  0:41  Barracks  
  16  0:54  Barracks  
  17  0:57  SCV  
  17  1:10  SCV  
  18  1:16  Barracks  
  18  1:28  Marine  
  18  1:30  Barracks  
  19  1:40  Marine  
  19  1:41  Supply Depot  
  19  1:46  Marine  
  21  1:58  Marine  
  22  2:03  Marine  
  22  2:04  Supply Depot  
  22  2:05  Marine  
  24  2:16  Marine  
  24  2:17  Marine  
  24  2:18  Barracks  
  24  2:21  Marine  
  28  2:33  Supply Depot  
Show
View Real Time Build Order
Export as new Build Order

HORFEY Zerg 

Build Orders: Hatch First 

Get SALT Encoding   

  12  0:00  Drone  
  13  0:13  Overlord  
  13  0:37  Hatchery  
  13  0:42  Drone  
  13  0:44  Drone  
  14  0:51  Drone  
  15  1:08  Spawning Pool  
  15  1:11  Drone  
  15  1:15  Drone  
  15  1:17  Drone  
  17  1:26  Overlord  
  17  1:38  Drone  
  18  1:46  Extractor  
  17  2:05  Drone x2  
  17  2:06  Drone x2  
  21  2:18  Zergling x2  
  22  2:23  Drone  
  22  2:26  Extractor  
  22  2:29  Hatchery  
  21  2:31  Roach Warren  
Tags
 
Matchup
TvZ
Replay Pack
#1B2M-Replays
Spawn Locations
Cross Positions
Add a new tag
Caveats
  • Supply blocks, unpowered buildings, or Contaminate may cause inaccurate times.
  • Supply counts are checked every 10 seconds.